[Event "Titled Tuesday Blitz May 30 Late 2023"]
[White "i_like_explosions"]
[Black "Bashkansky, Ethan"]
[BlackFideId "2071533"]
[WhiteElo "2435"]
[BlackElo "2327"]
[Result "1-0"]
[Round "09"]
[TimeControl "180+2"]
[Date "2023.05.31"]
[WhiteClock "0:00:47"]
[BlackClock "0:00:01"]

1. d4 f5 2. g3 Nf6 3. Bg2 g6 4. c4 Bg7 5. Nc3 O-O 6. Nf3 d6 7. O-O Nc6 8. b3 a6 9. Qc2 Qe8 10. Ba3 e5 11. dxe5 Nxe5 12. Nxe5 Qxe5 13. Bb2 Ng4 14. h3 Nh6 15. Rab1 Qe8 16. Nd5 Qf7 17. Bxg7 Qxg7 18. c5 dxc5 19. Qxc5 c6 20. Nb6 Rb8 21. Qd6 f4 22. Qxb8 Bxh3 23. Qd6 Rf6 24. Qd8+ Rf8 25. Qd3 Bf5 26. Be4 Ng4 27. Bxf5 gxf5 28. Nc4 Qh6 29. Kg2 f3+ 30. Kxf3 f4 31. Kxg4 Rf7 32. Qd8+ 1-0


[Site "https://www.chess.com"]

[Event "Titled Tuesday Blitz May 30 Late 2023"]
[White "Torres Dominguez, David"]
[Black "Harriott, Tyrell"]
[WhiteFideId "2220857"]
[BlackFideId "2086484"]
[WhiteElo "1999"]
[BlackElo "2107"]
[Result "0-1"]
[Round "09"]
[TimeControl "180+2"]
[Date "2023.05.31"]
[WhiteClock "0:00:13"]
[BlackClock "0:00:54"]

1. e4 d5 2. d3 e6 3. c4 Nf6 4. e5 Nfd7 5. cxd5 exd5 6. Nc3 c6 7. d4 Be7 8. Nf3 O-O 9. Bd3 h6 10. O-O Re8 11. a4 Nf8 12. h3 b6 13. Re1 Na6 14. Ne2 Nb4 15. Bb1 c5 16. dxc5 bxc5 17. Nf4 Bb7 18. Ra3 Ne6 19. Nxe6 fxe6 20. Nh2 Bg5 21. Qh5 Bxc1 22. Rxc1 Qg5 23. Qxg5 hxg5 24. Bg6 Red8 25. Nf3 Rac8 26. Nxg5 Rc6 27. Bh7+ Kh8 28. Nf7+ Kxh7 29. Nxd8 Rc7 30. Nxe6 Re7 31. Nxc5 Ba8 32. f4 d4 33. Rd1 Rc7 34. Nd3 Nd5 35. g3 Rc2 36. a5 Ne3 37. Re1 Rg2+ 38. Kh1 Rxg3+ 39. Kh2 Rg2+ 40. Kh1 Rd2+ 41. Kg1 Rg2+ 42. Kh1 Rxb2+ 43. Kg1 Rg2+ 44. Kh1 Ra2+ 45. Kg1 Rxa3 46. e6 Kg8 47. e7 Kf7 48. Ne5+ Kxe7 49. Ng6+ Kf6 50. f5 Ra2 51. Nf8 Rg2+ 52. Kh1 Re2+ 0-1


[Site "https://www.chess.com"]

[Event "Titled Tuesday Blitz May 30 Late 2023"]
[White "Florianovitz, Derlei Alex"]
[Black "Gatterer, Florian"]
[WhiteFideId "2114178"]
[BlackFideId "811688"]
[WhiteElo "1953"]
[BlackElo "2221"]
[Result "0-1"]
[Round "09"]
[TimeControl "180+2"]
[Date "2023.05.31"]
[WhiteClock "0:00:02"]
[BlackClock "0:00:13"]

1. e4 e5 2. Nf3 Nc6 3. Bb5 Nf6 4. O-O Nxe4 5. d4 Nd6 6. Bxc6 dxc6 7. dxe5 Nf5 8. Qxd8+ Kxd8 9. Bg5+ Ke8 10. Nbd2 Be7 11. Bxe7 Nxe7 12. c4 c5 13. Rfe1 h6 14. a4 a5 15. Ne4 b6 16. Nc3 Be6 17. b3 Kd7 18. Rad1+ Kc6 19. Rd2 Rhd8 20. Red1 Rxd2 21. Rxd2 Kb7 22. Nb5 Nc6 23. h3 Rd8 24. Rxd8 Nxd8 25. Nd2 g5 26. h4 Nc6 27. hxg5 hxg5 28. Ne4 g4 29. Nf6 Nxe5 30. Ne8 c6 31. Nbd6+ Kb8 32. Ng7 Kc7 33. Ne4 Nd3 34. Nd2 Kd6 35. f3 gxf3 36. gxf3 Bd7 37. Kf1 Ke5 38. Ke2 Nf4+ 39. Ke3 Ng2+ 40. Kf2 Nh4 41. Ke3 Kf6 42. Nh5+ Kg5 43. Ng3 f5 44. f4+ Kf6 45. Ne2 b5 0-1


[Site "https://www.chess.com"]

[Event "Titled Tuesday Blitz May 30 Late 2023"]
[White "Iskusnyh, Sergei"]
[Black "Rose, Felix"]
[WhiteFideId "4120027"]
[BlackFideId "5105722"]
[WhiteElo "2492"]
[BlackElo "2039"]
[Result "1-0"]
[Round "09"]
[TimeControl "180+2"]
[Date "2023.05.31"]
[WhiteClock "0:00:34"]
[BlackClock "0:00:04"]

1. e4 e5 2. Nf3 Nc6 3. Nc3 Nf6 4. Bb5 Bb4 5. O-O O-O 6. d3 d6 7. Ne2 a6 8. Ba4 h6 9. c3 Ba5 10. Ng3 Ne7 11. d4 Ng6 12. h3 Bb6 13. Re1 Bd7 14. Bc2 Re8 15. Be3 Bc6 16. Qd2 exd4 17. Bxd4 Bxd4 18. Nxd4 Qd7 19. Ndf5 Re5 20. f3 Rd8 21. Rad1 d5 22. Nxh6+ gxh6 23. Qxh6 Qe7 24. f4 Nxf4 25. Qxf4 Re8 26. Nf5 Qf8 27. Qg5+ Kh7 28. Qxf6 R8e6 29. Qh4+ Kg8 30. Re3 1-0


[Site "https://www.chess.com"]

[Event "Titled Tuesday Blitz May 30 Late 2023"]
[White "Campos, Maria Jose"]
[Black "OPQRC"]
[WhiteFideId "146803"]
[WhiteElo "2170"]
[BlackElo "2550"]
[Result "1/2-1/2"]
[Round "09"]
[TimeControl "180+2"]
[Date "2023.05.31"]
[WhiteClock "0:01:29"]
[BlackClock "0:00:05"]

1. c4 Nf6 2. g3 e6 3. Bg2 d5 4. Nf3 d4 5. O-O c5 6. e3 Nc6 7. exd4 cxd4 8. d3 Be7 9. Re1 O-O 10. Bg5 h6 11. Bxf6 Bxf6 12. Nbd2 Re8 13. a3 e5 14. b4 Bf5 15. Qb3 a5 16. b5 a4 17. Qc2 Na5 18. Ne4 Nb3 19. Rad1 Rc8 20. Re2 Qe7 21. Nfd2 Qxa3 22. Nxf6+ gxf6 23. Ne4 Bxe4 24. Bxe4 Nc5 25. Bf5 Ra8 26. Qd2 Kg7 27. Qe1 Qc3 28. Qf1 a3 29. Ra2 Nb3 30. Qh3 Nc1 31. Qg4+ Kf8 32. Ra1 Nb3 33. Ra2 Qb2 34. Rxb2 axb2 35. Kg2 Ra1 36. Be4 Rea8 37. Bxb7 Rxd1 38. Bxa8 b1=Q 39. Qc8+ Kg7 40. Qg4+ Kf8 41. Qc8+ Kg7 42. Qg4+ Kh8 43. Qc8+ Kh7 44. Be4+ f5 45. Qxf5+ Kg7 46. Qxe5+ Kf8 47. Qh8+ Ke7 48. Qe5+ Kf8 49. Qh8+ Ke7 50. Qe5+ Kf8 1/2-1/2


[Site "https://www.chess.com"]

[Event "Titled Tuesday Blitz May 30 Late 2023"]
[White "lluiss"]
[Black "D`Arruda, Ricardo D."]
[BlackFideId "100692"]
[WhiteElo "2307"]
[BlackElo "2503"]
[Result "0-1"]
[Round "09"]
[TimeControl "180+2"]
[Date "2023.05.31"]
[WhiteClock "0:00:18"]
[BlackClock "0:00:44"]

1. Nf3 d5 2. d4 c6 3. c4 Nf6 4. cxd5 cxd5 5. Nc3 Nc6 6. Bf4 g6 7. e3 Bg7 8. Bd3 O-O 9. O-O Bg4 10. h3 Bxf3 11. Qxf3 Qd7 12. Rfc1 Rfc8 13. Qe2 Ne8 14. a3 e6 15. b4 Bf8 16. Bb5 a6 17. Ba4 b5 18. Bb3 Bd6 19. Bxd6 Nxd6 20. Rc2 Rc7 21. Rac1 Rac8 22. Qd2 Kg7 23. f3 a5 24. Ne2 axb4 25. axb4 Nc4 26. Bxc4 dxc4 27. Nc3 Ne7 28. Ra2 Rd8 29. Ra5 Rb7 30. Rca1 e5 31. d5 Nxd5 32. Ne4 Ne7 33. Qxd7 Rbxd7 34. Rxb5 Rd1+ 35. Rxd1 Rxd1+ 36. Kf2 Rb1 37. Rb7 Nd5 38. Nd6 c3 39. Rxf7+ Kg8 40. e4 c2 41. exd5 c1=Q 42. Kg3 Qg5+ 43. Kh2 Rb2 0-1


[Site "https://www.chess.com"]

[Event "Titled Tuesday Blitz May 30 Late 2023"]
[White "Goffredo_Fofi"]
[Black "Rodriguez Santiago, Jaime"]
[BlackFideId "3100898"]
[WhiteElo "2446"]
[BlackElo "2025"]
[Result "1-0"]
[Round "09"]
[TimeControl "180+2"]
[Date "2023.05.31"]
[WhiteClock "0:00:05"]
[BlackClock "0:00:06"]

1. d4 Nf6 2. Nf3 d5 3. Bf4 c5 4. e3 Nc6 5. Nbd2 e6 6. c3 cxd4 7. exd4 Nh5 8. Be3 Bd6 9. g3 g6 10. Be2 O-O 11. O-O f6 12. c4 Ng7 13. Qb3 Na5 14. Qc3 b6 15. c5 bxc5 16. dxc5 Bc7 17. b4 Nc6 18. b5 Ne7 19. Rfd1 e5 20. Bh6 d4 21. Qb3+ Be6 22. Bc4 Nd5 23. Re1 Re8 24. Bxg7 Kxg7 25. Nxd4 exd4 26. Rxe6 Nc3 27. Rae1 Rxe6 28. Rxe6 Qd7 29. c6 Qd8 30. Ne4 Nxe4 31. Rxe4 Be5 32. Qd3 Qb6 33. Kg2 Rd8 34. f4 Bb8 35. Re7+ Kh8 36. Qe4 a6 37. Qe6 Rf8 38. Rb7 Qa5 39. Qd7 Qd2+ 40. Kh3 1-0


[Site "https://www.chess.com"]

[Event "Titled Tuesday Blitz May 30 Late 2023"]
[White "LangesNasenhaar"]
[Black "Ardila, Oscar Humberto"]
[BlackFideId "4404742"]
[WhiteElo "2440"]
[BlackElo "1918"]
[Result "0-1"]
[Round "09"]
[TimeControl "180+2"]
[Date "2023.05.31"]
[WhiteClock "0:00:12"]
[BlackClock "0:00:06"]

1. d4 Nf6 2. Nc3 d5 3. Bf4 e6 4. Nb5 Na6 5. e3 Be7 6. Nf3 O-O 7. h4 c6 8. Nc3 Bb4 9. Bd3 Ne4 10. Bxe4 dxe4 11. Ng5 f5 12. Qh5 h6 13. Nh3 Nc7 14. Be5 Qe8 15. Qxe8 Nxe8 16. h5 Nf6 17. Nf4 Nd5 18. a3 Bxc3+ 19. bxc3 Nxc3 20. Rh3 Nd5 21. Rg3 Rf7 22. Ng6 b6 23. c4 Nf6 24. Nf4 Ba6 25. Rc1 Re8 26. f3 Kh7 27. Kf2 Nd7 28. Ng6 c5 29. f4 Rc8 30. d5 exd5 31. cxd5 Nf6 32. Bxf6 Rxf6 33. Ne5 Rd8 34. Rd1 Bb7 35. Rg6 Rxd5 36. Rb1 Rxg6 37. hxg6+ Kg8 38. a4 Rd2+ 39. Kg3 Bc8 40. a5 Rd6 41. Nc4 Rd7 42. axb6 axb6 43. Rxb6 Rc7 44. Rb8 Kf8 45. Rb5 Ke7 46. Ra5 Ke6 47. Rb5 Kd5 48. Ne5 Bd7 49. Rb1 c4 50. Rd1+ Ke6 51. Nxc4 Rxc4 52. Rb1 Rc6 53. Rb5 Be8 54. Re5+ Kf6 55. Rd5 Kxg6 56. Re5 Bf7 57. Kh4 Rf6 58. Rc5 Bb3 59. Kg3 Bd1 60. Rc7 Be2 61. Rc5 Bd3 62. Rc3 Rb6 63. Rc5 Kh5 64. Rxf5+ Kg6 65. Rc5 Rb2 66. Rc6+ Kh7 67. f5 Re2 68. Kf4 Rf2+ 69. Ke5 Re2 70. Rc7 Rf2 71. Re7 Rxg2 72. f6 Rg5+ 73. Ke6 Bc4+ 74. Kd6 Kg8 75. Re8+ Kf7 76. Rc8 Kxf6 77. Rxc4 Kf5 78. Kd5 Rg4 79. Kd4 Rh4 80. Rc5+ Kg4 81. Rc7 g5 82. Re7 Kf3 83. Rf7+ Ke2 84. Rb7 Rh3 85. Rb2+ Kf3 86. Rb7 Rg3 87. Rf7+ Kg4 88. Rh7 h5 89. Kxe4 h4 90. Kd5 Rg2 91. e4 h3 92. Ke6 Re2 93. e5 Kf4 94. Rh5 g4 95. Kf6 Kg3 96. e6 h2 97. e7 Kg2 98. Kf7 Rxe7+ 99. Kxe7 g3 100. Rg5 Kf2 101. Kf6 g2 102. Rf5+ Ke2 103. Re5+ Kd3 104. Rd5+ Kc4 105. Rg5 g1=Q 106. Rh5 Qf2+ 107. Rf5 Qxf5+ 108. Kxf5 h1=Q 0-1


[Site "https://www.chess.com"]

[Event "Titled Tuesday Blitz May 30 Late 2023"]
[White "Buchenau, Frank"]
[Black "The_Straightforward_Rook"]
[WhiteFideId "4604350"]
[WhiteElo "2157"]
[BlackElo "2279"]
[Result "0-1"]
[Round "09"]
[TimeControl "180+2"]
[Date "2023.05.31"]
[WhiteClock "0:00:14"]
[BlackClock "0:00:50"]

1. e4 e5 2. Nf3 Nc6 3. Bc4 Bc5 4. c3 Nf6 5. d3 a6 6. O-O Ba7 7. Bb3 d6 8. Nbd2 h6 9. Re1 g5 10. Nf1 g4 11. N3d2 h5 12. Nc4 h4 13. Bg5 Be6 14. Nce3 g3 15. Qf3 gxf2+ 16. Qxf2 Ng4 17. Bxd8 Nxf2 18. Bf6 Rh6 19. Bg5 Rg6 20. Bxh4 Nxd3 21. Re2 Nf4 22. Rd2 Bh3 23. Bg3 Be6 24. Kh1 O-O-O 25. Nd5 Bxd5 26. exd5 Ne7 27. Bc2 f5 28. c4 Rh8 29. Bxf4 exf4 30. Re2 Kd8 31. Rae1 Rg7 32. Re6 f3 33. gxf3 Rg1# 0-1


[Site "https://www.chess.com"]

[Event "Titled Tuesday Blitz May 30 Late 2023"]
[White "Sailer, Mike"]
[Black "Mazurkiewicz, Michal"]
[WhiteFideId "2012901"]
[BlackFideId "1124943"]
[WhiteElo "2109"]
[BlackElo "2054"]
[Result "0-1"]
[Round "09"]
[TimeControl "180+2"]
[Date "2023.05.31"]
[WhiteClock "0:00:02"]
[BlackClock "0:00:05"]

1. d4 Nf6 2. Bg5 e6 3. Nd2 d5 4. e3 Be7 5. Bd3 b6 6. Qe2 Bb7 7. c3 O-O 8. f4 c5 9. Ngf3 Ne4 10. Bxe7 Qxe7 11. O-O Nd7 12. Ne5 Ndf6 13. f5 exf5 14. Rxf5 Rae8 15. Raf1 Qe6 16. Bb5 Re7 17. Nxe4 Nxe4 18. Bd3 f6 19. Bxe4 dxe4 20. Qb5 Bc8 21. dxc5 bxc5 22. Qxc5 Ba6 23. c4 Rc8 24. Qa3 fxe5 25. b3 Rce8 26. Qb4 h6 27. R5f2 Qb6 28. Qc3 Bc8 29. h3 a5 30. Kh1 Be6 31. a3 Rf7 32. b4 axb4 33. axb4 Rxf2 34. Rxf2 Qd6 35. c5 Qd1+ 36. Kh2 Qd5 37. Rd2 Qc6 38. Rd6 Qc8 39. Qxe5 Bxh3 40. Qd5+ Be6 41. Qd4 Qc7 42. b5 Qf7 43. g3 Qh5+ 44. Kg2 Qf3+ 45. Kg1 Rf8 46. Qd2 Qxg3+ 47. Qg2 Qe1+ 48. Kh2 Rf2 49. Rd8+ Kh7 0-1


[Site "https://www.chess.com"]

[Event "Titled Tuesday Blitz May 30 Late 2023"]
[White "Kovacevic, Radmila"]
[Black "Wizard_of_Odds"]
[WhiteFideId "933171"]
[WhiteElo "2194"]
[BlackElo "2415"]
[Result "0-1"]
[Round "09"]
[TimeControl "180+2"]
[Date "2023.05.31"]
[WhiteClock "0:01:59"]
[BlackClock "0:01:56"]

1. e4 c5 2. Nf3 d6 3. d4 cxd4 4. Nxd4 Nf6 5. Nc3 g6 6. Bd3 Bg7 7. Bg5 Nc6 8. Nb3 O-O 9. Qd2 a5 10. Bh6 Bxh6 11. Qxh6 a4 12. Nd2 Qb6 13. Nc4 Qxf2+ 14. Kxf2 Ng4+ 15. Kg3 Nxh6 16. Nb6 Ra5 17. Nbxa4 f5 18. Nb6 fxe4 19. Bxe4 Rg5+ 0-1


[Site "https://www.chess.com"]

[Event "Titled Tuesday Blitz May 30 Late 2023"]
[White "mohsengabr2002"]
[Black "Pein, Jonathan"]
[BlackFideId "417092"]
[WhiteElo "2229"]
[BlackElo "2151"]
[Result "0-1"]
[Round "09"]
[TimeControl "180+2"]
[Date "2023.05.31"]
[WhiteClock "0:00:42"]
[BlackClock "0:00:06"]

1. e4 c6 2. d4 d5 3. exd5 cxd5 4. Nf3 Nc6 5. Ne5 Bd7 6. c3 g6 7. Bd3 Bg7 8. Nxd7 Qxd7 9. O-O Nh6 10. Bxh6 Bxh6 11. Nd2 O-O 12. Nf3 Rab8 13. Re1 e6 14. Ne5 Nxe5 15. dxe5 b5 16. g3 Rfc8 17. Qe2 b4 18. c4 dxc4 19. Bxc4 Qd2 20. Rad1 Qxe2 21. Bxe2 Rc2 22. Rb1 Rd8 23. Red1 Rdd2 24. Rxd2 Rxd2 25. Kf1 g5 26. a3 a5 27. axb4 axb4 28. b3 Bg7 29. Rd1 Rb2 30. Rd8+ Bf8 31. Bc4 Kg7 32. f4 gxf4 33. gxf4 Rxh2 34. Rd7 Bc5 35. Bxe6 Rf2+ 36. Ke1 Rxf4 37. Kd2 Bd4 38. Bc4 Bxe5 39. Ke3 Rf6 40. Ke4 Bc3 41. Rb7 h5 42. Rb5 Rh6 43. Kf3 h4 44. Rg5+ Kf6 45. Rg1 h3 46. Rh1 h2 47. Kg2 Be5 48. Rf1+ Kg5 49. Bxf7 Bf4 50. Bc4 Rd6 51. Kh1 Kf5 52. Rb1 Kg4 53. Rf1 Kg3 54. Rb1 Rd2 55. Rf1 Be3 56. Bb5 Rg2 57. Bc6 Rg1+ 58. Rxg1+ hxg1=Q# 0-1


[Site "https://www.chess.com"]

[Event "Titled Tuesday Blitz May 30 Late 2023"]
[White "Petrovic, Aleksa"]
[Black "Brown, Raehanna"]
[WhiteFideId "967629"]
[BlackFideId "7402740"]
[WhiteElo "2309"]
[BlackElo "1655"]
[Result "1-0"]
[Round "09"]
[TimeControl "180+2"]
[Date "2023.05.31"]
[WhiteClock "0:00:12"]
[BlackClock "0:00:03"]

1. e4 c5 2. Nf3 Nc6 3. Bb5 g6 4. Bxc6 bxc6 5. O-O Bg7 6. Re1 e5 7. b4 cxb4 8. c3 Ne7 9. cxb4 O-O 10. Bb2 Qc7 11. Nc3 d6 12. d4 Bg4 13. Rc1 exd4 14. Nb5 Qb6 15. Nxd6 Rad8 16. Nc4 Qxb4 17. Ba3 Qb7 18. h3 Bxf3 19. Qxf3 Qd7 20. Bxe7 Qxe7 21. Na5 Rc8 22. Rxc6 Qb4 23. Rec1 Rxc6 24. Nxc6 Qb2 25. Ne7+ Kh8 26. Rd1 Be5 27. Nc6 Bg7 28. e5 Qxa2 29. Qe4 Qa6 30. Nxd4 Re8 31. f4 g5 32. Nf5 gxf4 33. Nd6 Qb6+ 34. Kh1 Rxe5 35. Nxf7+ Kg8 36. Nxe5 Qe6 37. Rd8+ Bf8 38. Qxf4 Qe7 39. Qg4+ Kh8 40. Qc8 Qxe5 41. Rxf8+ Kg7 42. Rg8+ Kh6 43. Qc6+ Kh5 44. Qf3+ Kh6 45. Qg3 Qa1+ 46. Kh2 Qf6 47. Rg4 1-0


[Site "https://www.chess.com"]

[Event "Titled Tuesday Blitz May 30 Late 2023"]
[White "Fuentes Godoy, Lilia Ivonne"]
[Black "Sadilek, Peter"]
[WhiteFideId "5104130"]
[BlackFideId "1616439"]
[WhiteElo "2096"]
[BlackElo "2227"]
[Result "1-0"]
[Round "09"]
[TimeControl "180+2"]
[Date "2023.05.31"]
[WhiteClock "0:00:08"]
[BlackClock "0:00:19"]

1. d4 Nf6 2. c4 e6 3. Nf3 c5 4. d5 d6 5. Nc3 exd5 6. cxd5 a6 7. a4 g6 8. h3 Bg7 9. e4 O-O 10. Bd3 Re8 11. O-O Nh5 12. Re1 Nd7 13. Bg5 Bf6 14. Bd2 Ne5 15. Be2 Nxf3+ 16. Bxf3 Ng7 17. Bg4 Bxg4 18. Qxg4 Rb8 19. Bf4 Bd4 20. a5 b5 21. axb6 Rxb6 22. Na4 Rb4 23. Bd2 Rb5 24. Bc3 Qf6 25. Qf3 Qxf3 26. gxf3 Bxc3 27. Nxc3 Rxb2 28. Rxa6 Rb3 29. Re3 f5 30. Rxd6 f4 31. Rd3 c4 32. Rd4 Rxc3 33. Rc6 Rxf3 34. Kg2 Rd3 35. Rcxc4 Rxd4 36. Rxd4 Kf7 37. Kf3 g5 38. Rb4 Kf6 39. Rb6+ Ke5 40. Rh6 Rc8 41. Rxh7 Rc3+ 42. Kg4 Ne8 43. Re7+ Kf6 44. Rxe8 Rc2 45. e5+ Kf7 46. Rd8 Re2 47. e6+ Kf6 48. Rf8+ Ke7 49. Rf7+ Ke8 50. Kxg5 Re5+ 51. Rf5 Rxd5 52. Rxd5 Ke7 53. Rf5 Kxe6 54. Rxf4 Ke5 55. h4 Ke6 56. h5 Ke5 57. h6 Ke6 58. h7 Ke5 59. h8=Q+ Ke6 60. Qe8+ Kd6 61. Rd4+ Kc5 62. Qe5+ Kc6 63. Rd6+ Kc7 64. Qe7+ Kc8 65. Rd8# 1-0


[Site "https://www.chess.com"]

[Event "Titled Tuesday Blitz May 30 Late 2023"]
[White "Mickiewicz, Piotr"]
[Black "rionelG"]
[WhiteFideId "1114891"]
[WhiteElo "2246"]
[BlackElo "2191"]
[Result "1-0"]
[Round "09"]
[TimeControl "180+2"]
[Date "2023.05.31"]
[WhiteClock "0:00:16"]
[BlackClock "0:00:02"]

1. Nf3 Nf6 2. g3 g6 3. b3 Bg7 4. Bb2 O-O 5. c4 d6 6. Bg2 e5 7. d3 Re8 8. O-O c6 9. Nbd2 Nbd7 10. Qc2 a5 11. a3 Nf8 12. b4 N6d7 13. e4 Ne6 14. Rfe1 b6 15. c5 bxc5 16. bxa5 Qxa5 17. Nc4 Qc7 18. Bc3 Nd4 19. Nxd4 cxd4 20. Bb4 c5 21. Bd2 Nb6 22. a4 Nxc4 23. dxc4 Bd7 24. a5 Reb8 25. Reb1 Bf6 26. Bf1 Bc6 27. Bd3 Bd8 28. Rxb8 Qxb8 29. Qd1 Bc7 30. h4 Qd8 31. h5 Bxa5 32. Bh6 Bc3 33. Rb1 Rb8 34. Qf3 Rxb1+ 35. Bxb1 Qe7 36. Bd3 Bd7 37. Bc1 f6 38. h6 Kf7 39. Qd1 Qd8 40. f4 Qa5 41. f5 1-0


[Site "https://www.chess.com"]

[Event "Titled Tuesday Blitz May 30 Late 2023"]
[White "Przybylski, Wojciech"]
[Black "Oliveira, Tiago Batista"]
[WhiteFideId "1117599"]
[BlackFideId "2108291"]
[WhiteElo "2222"]
[BlackElo "1962"]
[Result "0-1"]
[Round "09"]
[TimeControl "180+2"]
[Date "2023.05.31"]
[WhiteClock "0:00:09"]
[BlackClock "0:00:07"]

1. e4 e5 2. Nf3 Nc6 3. Bb5 a6 4. Bxc6 dxc6 5. O-O Bg4 6. h3 h5 7. d3 Qf6 8. Be3 Ne7 9. Nbd2 Ng6 10. hxg4 hxg4 11. Ng5 Nf4 12. Qxg4 Qxg5 13. f3 Nh3+ 14. gxh3 Qxe3+ 15. Rf2 Bc5 16. Qg3 Qxd2 17. Qxe5+ Kd7 18. Qf5+ Kd6 19. Qxc5+ Kxc5 20. Rxd2 Rxh3 21. Kf2 Rah8 22. Ke3 g5 23. d4+ Kd6 24. Rg1 R8h5 25. c4 Ke6 26. d5+ cxd5 27. cxd5+ Ke5 28. Rc2 Kd6 29. Rc3 f6 30. Kd4 Rh2 31. Rgc1 Rd2+ 32. Ke3 Rhh2 33. Rd3 Rhe2+ 34. Kd4 Rxb2 35. Rh1 Rxa2 36. Rb3 Rad2+ 37. Kc3 b5 38. Rh6 Ke5 39. Rh7 Rc2+ 40. Kd3 Red2+ 41. Ke3 Re2+ 42. Kd3 Kf4 43. Kd4 Red2+ 44. Rd3 Rxd3+ 45. Kxd3 Rc4 46. Rf7 Ke5 47. Re7+ Kd6 48. Re6+ Kc5 49. Rc6+ Kb4 50. Rxa6 Rc3+ 51. Kd4 Rxf3 52. Rc6 Rf4 53. Ke3 Rf1 54. Rxc7 Re1+ 55. Kf3 g4+ 56. Kf4 g3 57. Rg7 Rf1+ 58. Ke3 Kc5 59. Rxg3 b4 60. Rg8 b3 61. Rc8+ Kd6 62. Rb8 Rb1 63. Rb6+ Ke7 64. Rb7+ Ke8 65. Kf4 b2 66. Kf5 Rf1+ 67. Ke6 b1=Q 68. Re7+ Kd8 69. Rd7+ Kc8 70. Kd6 Qb6+ 71. Ke7 Qc5+ 72. d6 Qe5+ 73. Kf7 Kxd7 74. Kf8 Kxd6 75. Kf7 Qxe4 76. Kf8 f5 77. Kf7 f4 78. Kf6 f3 79. Kg5 f2 80. Kh5 Re1 81. Kg5 f1=Q 82. Kh6 Qeg2 0-1


[Site "https://www.chess.com"]

[Event "Titled Tuesday Blitz May 30 Late 2023"]
[White "campochess"]
[Black "Carrasco Miranda, Andres"]
[BlackFideId "3405990"]
[WhiteElo "2112"]
[BlackElo "2183"]
[Result "1-0"]
[Round "09"]
[TimeControl "180+2"]
[Date "2023.05.31"]
[WhiteClock "0:00:20"]
[BlackClock "0:00:08"]

1. d4 Nf6 2. Bg5 d5 3. Nd2 c5 4. c3 Nc6 5. e3 Qb6 6. dxc5 Qxc5 7. Ngf3 Bg4 8. Be2 e6 9. Nd4 Bxe2 10. Qxe2 Be7 11. O-O h6 12. Bh4 O-O 13. Rac1 Rac8 14. N2b3 Qb6 15. Nxc6 bxc6 16. c4 Rfe8 17. Rfd1 a5 18. Nd4 a4 19. Rc2 Ne4 20. Bxe7 Rxe7 21. cxd5 exd5 22. Rdc1 Rec7 23. f3 Nf6 24. Kh1 c5 25. Nf5 Qe6 26. Nd4 cxd4 27. Rxc7 Rxc7 28. Rxc7 dxe3 29. Rc3 d4 30. Rd3 Qc4 31. Rxe3 Qc1+ 32. Qe1 Qxb2 33. Re2 Qb5 34. Rd2 Qc4 35. h4 Nd5 36. Qe5 Nc3 37. Qxd4 Qf1+ 38. Kh2 Ne2 39. Qe3 Nc1 40. Rd8+ Kh7 41. Qe4+ g6 42. Qe5 1-0


[Site "https://www.chess.com"]

[Event "Titled Tuesday Blitz May 30 Late 2023"]
[White "Torres Hernandez, Leslie Carolin"]
[Black "Silva Rosas, Natalia"]
[WhiteFideId "8400504"]
[BlackFideId "3000575"]
[WhiteElo "1920"]
[BlackElo "1651"]
[Result "1-0"]
[Round "09"]
[TimeControl "180+2"]
[Date "2023.05.31"]
[WhiteClock "0:00:03"]
[BlackClock "0:00:08"]

1. e4 c5 2. Nf3 e6 3. d4 cxd4 4. Nxd4 a6 5. c4 Bc5 6. Nb3 Ba7 7. Nc3 Nc6 8. Be2 Nf6 9. O-O Qc7 10. c5 Bb8 11. g3 d6 12. Bf4 e5 13. Bg5 Qd8 14. Nd5 h6 15. Bxf6 gxf6 16. f4 Ba7 17. fxe5 f5 18. exd6 Qxd6 19. Kg2 Qd8 20. exf5 Bb8 21. Bc4 Ne5 22. Qe2 O-O 23. Rad1 Qg5 24. h4 Qg4 25. Qxg4+ Nxg4 26. Rf3 1-0


[Site "https://www.chess.com"]

[Event "Titled Tuesday Blitz May 30 Late 2023"]
[White "Manu_ChessExcelsior"]
[Black "Kujawski, Adam"]
[BlackFideId "1100920"]
[WhiteElo "2075"]
[BlackElo "2054"]
[Result "0-1"]
[Round "09"]
[TimeControl "180+2"]
[Date "2023.05.31"]
[WhiteClock "0:00:09"]
[BlackClock "0:00:49"]

1. e4 e5 2. Nf3 Nc6 3. Bc4 Nf6 4. d3 d5 5. exd5 Nxd5 6. O-O Nb6 7. Bb3 Bg4 8. Re1 Qe7 9. c3 O-O-O 10. h3 Bh5 11. Qe2 f6 12. a4 a5 13. Nbd2 Bf7 14. Bxf7 Qxf7 15. Ne4 Kb8 16. Be3 Nd5 17. Reb1 h6 18. b4 f5 19. Nc5 Nxc3 20. Qb2 Nxb1 21. Rxb1 Nxb4 22. Nxe5 Qd5 23. Nc4 Bxc5 24. Nxa5 Bxe3 25. Qxb4 Bb6 26. Nc4 Qc5 27. Qb2 Qxf2+ 28. Qxf2 Bxf2+ 29. Kxf2 Rxd3 30. Na5 b6 31. Nc6+ Kb7 32. Ne5 Ra3 33. Nd3 Rxd3 34. Ke2 Rd4 35. a5 Re8+ 36. Kf3 Ree4 37. g3 Rd3+ 0-1


[Site "https://www.chess.com"]

[Event "Titled Tuesday Blitz May 30 Late 2023"]
[White "Vaglio Munoz, Jaime"]
[Black "Prydun, Andriy"]
[WhiteFideId "6500145"]
[BlackFideId "14145898"]
[WhiteElo "2199"]
[BlackElo "2164"]
[Result "1/2-1/2"]
[Round "09"]
[TimeControl "180+2"]
[Date "2023.05.31"]
[WhiteClock "0:00:11"]
[BlackClock "0:00:36"]

1. Nf3 Nf6 2. c4 c5 3. b3 b6 4. Bb2 Bb7 5. g3 g6 6. Bg2 Bg7 7. O-O O-O 8. d4 cxd4 9. Nxd4 Bxg2 10. Kxg2 Nc6 11. Nxc6 dxc6 12. c5 bxc5 13. Na3 Qd5+ 14. f3 Ng4 15. Qxd5 Ne3+ 16. Kf2 Nxd5 17. Bxg7 Kxg7 18. Rac1 Nb4 19. Rxc5 Nxa2 20. Rxc6 Rfb8 21. Ra1 Nb4 22. Rc4 Nd5 23. Rb1 Rb7 24. e4 Nb6 25. Rb4 Rab8 26. Nc2 Nd7 27. Rxb7 Rxb7 28. b4 f5 29. Ke3 Kf6 30. f4 e5 31. exf5 gxf5 32. Na3 Nb6 33. fxe5+ Kxe5 34. Kd3 Nd5 35. Nc4+ Kf6 36. b5 Nc7 37. Na3 Rb6 38. Kc4 a6 39. Kc5 Na8 40. Rd1 axb5 41. Nxb5 Re6 42. Rd7 h5 43. Nd4 Ra6 44. Nc6 Ra2 45. Rd6+ Kg7 46. Rd7+ Kf6 47. Rd6+ Kg7 48. Nd4 Rxh2 49. Nxf5+ Kf7 50. Rd8 Nc7 51. Rd7+ Kf6 52. Rxc7 Kxf5 53. Rg7 Rd2 54. Kc4 Rd6 55. Kc5 Re6 56. Kd4 Re4+ 57. Kd3 Rg4 58. Rf7+ Ke5 59. Rf3 1/2-1/2


[Site "https://www.chess.com"]

[Event "Titled Tuesday Blitz May 30 Late 2023"]
[White "Gerbelli Neto, Eduardo"]
[Black "Alexikov, Alexander"]
[WhiteFideId "2103281"]
[BlackFideId "14103958"]
[WhiteElo "2178"]
[BlackElo "2186"]
[Result "1-0"]
[Round "09"]
[TimeControl "180+2"]
[Date "2023.05.31"]
[WhiteClock "0:00:20"]
[BlackClock "0:00:04"]

1. e4 c5 2. Nc3 Nc6 3. f4 g6 4. Nf3 Bg7 5. Bc4 e6 6. f5 a6 7. fxe6 fxe6 8. d3 Nge7 9. O-O O-O 10. Bg5 h6 11. Bh4 g5 12. Bg3 d5 13. Bb3 b5 14. a4 b4 15. Ne2 Ng6 16. c3 a5 17. Bf2 Qd6 18. Ng3 Nf4 19. exd5 exd5 20. Ne4 Qd8 21. Bxc5 Kh7 22. Bxf8 Bxf8 23. Ng3 Ba6 24. Bc2 Kg8 25. Re1 d4 26. c4 Bb7 27. Ne4 Bg7 28. Qd2 Qd7 29. Nc5 Qf7 30. Nxb7 Qxb7 31. c5 b3 32. Bd1 Rf8 33. Re4 Kh7 34. Be2 Qd7 35. Re1 Qd5 36. Qd1 Bf6 37. Bf1 Bd8 38. Ne5 Nb4 39. Qg4 h5 40. Qg3 Qxc5 41. h4 1-0


[Site "https://www.chess.com"]